[ AOE2 MATCH · #469858569 ]
UnrankedKoreans vs Mongols
Player's team · LOSS
[ REPLAY ANALYSIS · EXTRACTED FROM THE RECORDED GAME ]
Feudal
11:49
Castle
15:20
Imperial
36:42
| APM avg | 45.0 |
| APM peak | 80 |
| eAPM avg | 29.5 |
| Villagers / military | 146 / 194 |
Focus
⚔️ 49.3% · 🌾 50.7%
War Wagon ×91 · Spearman ×55 · Skirmisher ×19 · Trade Cart ×18 · Trebuchet (Packed) ×15 · Iron Pagoda ×14
Feudal
10:06
Castle
13:43
Imperial
34:26
| APM avg | 47.5 |
| APM peak | 93 |
| eAPM avg | 22.7 |
| Villagers / military | 161 / 152 |
Focus
⚔️ 36.6% · 🌾 63.4%
Mangudai ×73 · Scout Cavalry ×43 · Monk ×36
Feudal
10:10
Castle
20:03
Imperial
32:44
| APM avg | 43.6 |
| APM peak | 73 |
| eAPM avg | 30.2 |
| Villagers / military | 169 / 777 |
Focus
⚔️ 24.1% · 🌾 75.9%
Spearman ×508 · Steppe Lancer ×254 · Battering Ram ×8 · Trebuchet (Packed) ×7
Feudal
10:31
Castle
14:44
Imperial
33:14
| APM avg | 37.8 |
| APM peak | 98 |
| eAPM avg | 21.0 |
| Villagers / military | 141 / 25 |
Focus
⚔️ 34.7% · 🌾 65.3%
Unknown (2579) ×299 · Battering Ram ×15 · Petard ×5 · Trade Cart ×5 · Trebuchet (Packed) ×5
Feudal
10:58
Castle
14:36
Imperial
34:01
| APM avg | 46.9 |
| APM peak | 85 |
| eAPM avg | 28.2 |
| Villagers / military | 233 / 442 |
Focus
⚔️ 31.6% · 🌾 68.4%
Skirmisher ×230 · Cavalry Archer ×127 · Scout Cavalry ×76 · Spearman ×4 · Trebuchet (Packed) ×4 · Keshik ×1
Feudal
10:31
Castle
14:01
Imperial
33:58
| APM avg | 62.8 |
| APM peak | 108 |
| eAPM avg | 40.5 |
| Villagers / military | 201 / 203 |
Focus
⚔️ 61.5% · 🌾 38.5%
Unknown (1908) ×149 · Scout Cavalry ×98 · Steppe Lancer ×76 · Spearman ×25 · Trade Cart ×24 · Trebuchet (Packed) ×3
Feudal
11:13
Castle
14:25
Imperial
37:11
| APM avg | 50.9 |
| APM peak | 96 |
| eAPM avg | 29.7 |
| Villagers / military | 191 / 168 |
Focus
⚔️ 25.5% · 🌾 74.5%
War Elephant ×163 · Petard ×5
Feudal
11:00
Castle
14:32
Imperial
39:48
| APM avg | 30.5 |
| APM peak | 79 |
| eAPM avg | 22.2 |
| Villagers / military | 193 / 290 |
Focus
⚔️ 31.3% · 🌾 68.7%
Battle Elephant ×123 · Spearman ×114 · Monk ×46 · Trebuchet (Packed) ×7 · Trade Cart ×2
Match map
Initial resources + every placement click. Lines = walls · curves = elevation contours. ◆ gold · ⬟ stone · ● berries · ✦ relic · ◌ wall gap
Inputs per minute
— Kyandie - - m1gzu
Build order — Kyandie
First 150 of 491 actions detected
| 0:03 | Create | Villager (Male) |
| 0:04 | Build | House |
| 0:05 | Build | House |
| 0:13 | Create | Villager (Male) |
| 0:13 | Create | Villager (Male) |
| 0:13 | Create | Villager (Male) |
| 1:31 | Create | Villager (Male) |
| 1:51 | Build | Lumber Camp |
| 2:00 | Create | Villager (Male) |
| 2:07 | Build | Lumber Camp |
| 2:18 | Create | Villager (Male) |
| 2:18 | Create | Villager (Male) |
| 2:48 | Create | Villager (Male) |
| 3:03 | Create | Villager (Male) |
| 3:32 | Create | Villager (Male) |
| 3:51 | Build | House |
| 3:52 | Build | House |
| 4:02 | Create | Villager (Male) |
| 4:25 | Build | Mill |
| 4:33 | Create | Villager (Male) |
| 4:40 | Build | House |
| 5:04 | Create | Villager (Male) |
| 5:22 | Create | Villager (Male) |
| 5:31 | Build | Farm |
| 5:32 | Build | Farm |
| 5:44 | Create | Villager (Male) |
| 5:51 | Build | Farm |
| 6:11 | Create | Villager (Male) |
| 6:22 | Create | Villager (Male) |
| 6:27 | Create | Villager (Male) |
| 7:01 | Create | Villager (Male) |
| 7:13 | Build | Palisade Wall |
| 7:31 | Build | Palisade Wall |
| 7:31 | Build | Palisade Wall |
| 7:32 | Build | Palisade Wall |
| 7:34 | Build | Palisade Wall |
| 7:36 | Create | Villager (Male) |
| 7:37 | Create | Villager (Male) |
| 8:13 | Create | Villager (Male) |
| 8:22 | Create | Villager (Male) |
| 8:51 | Build | Mining Camp |
| 8:53 | Create | Villager (Male) |
| 8:59 | Build | Palisade Wall |
| 9:02 | Build | Palisade Wall |
| 9:37 | Research | Feudal Age |
| 9:46 | Build | Mining Camp |
| 10:38 | Create | Villager (Male) |
| 10:38 | Create | Villager (Male) |
| 11:49 | Age | Feudal Age |
| 11:52 | Build | Market |
| 11:54 | Build | Blacksmith |
| 11:55 | Research | Double-Bit Axe |
| 12:38 | Research | Stone Mining |
| 12:40 | Research | Castle Age |
| 12:59 | Build | Farm |
| 13:00 | Build | Farm |
| 13:19 | Research | Horse Collar |
| 13:19 | Research | Horse Collar |
| 14:03 | Create | Villager (Male) |
| 15:01 | Build | House |
| 15:20 | Age | Castle Age |
| 15:23 | Research | Bow Saw |
| 15:40 | Build | Castle |
| 15:45 | Create | Villager (Male) |
| 15:49 | Create | Villager (Male) |
| 15:51 | Build | Farm |
| 15:51 | Build | Farm |
| 15:52 | Build | Farm |
| 15:53 | Build | Farm |
| 16:15 | Create | Villager (Male) |
| 16:39 | Build | Farm |
| 16:46 | Build | Farm |
| 16:58 | Create | Villager (Male) |
| 17:04 | Build | Farm |
| 17:07 | Create | War Wagon |
| 17:13 | Build | Farm |
| 17:20 | Build | Farm |
| 17:23 | Create | Villager (Male) |
| 17:24 | Build | Farm |
| 17:26 | Create | War Wagon |
| 17:28 | Create | War Wagon |
| 17:50 | Build | Farm |
| 17:51 | Create | Villager (Male) |
| 17:51 | Create | War Wagon |
| 17:55 | Build | Farm |
| 18:04 | Create | Villager (Male) |
| 18:11 | Create | War Wagon |
| 18:16 | Research | Gold Mining |
| 18:35 | Create | Villager (Male) |
| 18:52 | Create | War Wagon |
| 18:59 | Create | War Wagon |
| 19:05 | Create | Villager (Male) |
| 19:07 | Create | War Wagon |
| 19:14 | Create | Villager (Male) |
| 19:23 | Research | Fletching |
| 19:39 | Create | Villager (Male) |
| 19:41 | Build | University |
| 19:52 | Create | Villager (Male) |
| 20:10 | Build | House |
| 20:30 | Build | House |
| 20:31 | Build | House |
| 20:34 | Research | Bodkin Arrow |
| 20:43 | Create | Villager (Male) |
| 20:49 | Create | Villager (Male) |
| 20:51 | Research | Ballistics |
| 21:13 | Create | Villager (Male) |
| 21:18 | Create | War Wagon |
| 21:20 | Create | Villager (Male) |
| 21:32 | Create | War Wagon |
| 21:37 | Build | House |
| 21:39 | Build | House |
| 22:08 | Create | Villager (Male) |
| 22:31 | Create | Villager (Male) |
| 22:36 | Build | Town Center |
| 22:39 | Research | Wheelbarrow |
| 22:55 | Create | War Wagon |
| 23:01 | Build | House |
| 23:02 | Build | House |
| 23:04 | Build | House |
| 23:22 | Create | War Wagon |
| 23:22 | Create | Villager (Male) |
| 23:26 | Create | War Wagon |
| 23:40 | Create | Villager (Male) |
| 23:51 | Create | War Wagon |
| 23:51 | Create | Villager (Male) |
| 24:12 | Build | House |
| 24:13 | Create | Villager (Male) |
| 24:14 | Create | Villager (Male) |
| 24:15 | Create | Villager (Male) |
| 24:17 | Build | Castle |
| 24:31 | Create | War Wagon |
| 24:41 | Create | War Wagon |
| 24:47 | Create | Villager (Male) |
| 24:49 | Research | Loom |
| 24:50 | Research | Hand Cart |
| 24:54 | Create | Villager (Male) |
| 25:03 | Create | War Wagon |
| 25:03 | Create | Villager (Male) |
| 25:13 | Create | Villager (Male) |
| 25:18 | Build | Castle |
| 25:19 | Build | Mining Camp |
| 25:23 | Create | Villager (Male) |
| 25:31 | Create | War Wagon |
| 25:32 | Create | Villager (Male) |
| 25:39 | Create | Villager (Male) |
| 25:44 | Create | War Wagon |
| 25:55 | Create | Villager (Male) |
| 26:04 | Create | War Wagon |
| 26:15 | Build | House |
| 26:25 | Create | War Wagon |
Build order — m1gzu
First 150 of 448 actions detected
| 0:01 | Create | Villager (Male) |
| 0:01 | Create | Villager (Male) |
| 0:02 | Build | House |
| 0:04 | Build | House |
| 0:10 | Create | Villager (Male) ×2 |
| 1:24 | Create | Villager (Male) |
| 1:44 | Build | Lumber Camp |
| 1:58 | Create | Villager (Male) |
| 1:58 | Create | Villager (Male) |
| 2:14 | Create | Villager (Male) |
| 2:14 | Create | Villager (Male) |
| 2:49 | Create | Villager (Male) |
| 3:05 | Create | Villager (Male) |
| 3:36 | Create | Villager (Male) |
| 3:52 | Build | House |
| 3:56 | Build | House |
| 4:02 | Create | Villager (Male) |
| 4:02 | Create | Villager (Male) |
| 4:05 | Build | House |
| 4:14 | Create | Villager (Male) |
| 4:14 | Create | Villager (Male) |
| 4:20 | Build | Mill |
| 4:47 | Create | Villager (Male) |
| 4:48 | Create | Villager (Male) |
| 4:51 | Create | Villager (Male) |
| 4:51 | Create | Villager (Male) |
| 5:26 | Create | Villager (Male) |
| 5:28 | Create | Villager (Male) |
| 5:28 | Create | Villager (Male) |
| 5:56 | Build | Mill |
| 6:04 | Create | Villager (Male) |
| 6:15 | Create | Villager (Male) |
| 6:16 | Create | Villager (Male) |
| 6:17 | Create | Villager (Male) |
| 6:17 | Create | Villager (Male) |
| 6:19 | Create | Villager (Male) |
| 6:32 | Build | Farm |
| 7:36 | Build | Mining Camp |
| 7:42 | Research | Feudal Age |
| 7:46 | Create | Villager (Male) |
| 7:46 | Create | Villager (Male) |
| 8:22 | Build | House |
| 10:06 | Age | Feudal Age |
| 10:08 | Build | Market |
| 10:10 | Build | Blacksmith |
| 10:40 | Build | Farm |
| 11:03 | Research | Castle Age |
| 11:03 | Research | Castle Age |
| 11:18 | Build | Mining Camp |
| 12:11 | Build | Farm |
| 12:24 | Create | Villager (Male) |
| 12:36 | Research | Loom |
| 12:59 | Research | Double-Bit Axe |
| 13:06 | Research | Fletching |
| 13:07 | Research | Fletching |
| 13:43 | Age | Castle Age |
| 13:49 | Create | Villager (Male) |
| 13:58 | Build | Castle |
| 14:05 | Create | Villager (Male) |
| 14:20 | Create | Villager (Male) |
| 14:53 | Build | Lumber Camp |
| 15:12 | Create | Villager (Male) |
| 15:14 | Create | Mangudai |
| 15:36 | Build | Farm |
| 15:37 | Build | Farm |
| 15:42 | Create | Villager (Male) |
| 15:45 | Create | Mangudai |
| 15:45 | Create | Mangudai |
| 16:20 | Create | Villager (Male) |
| 16:25 | Build | Farm |
| 16:27 | Create | Mangudai |
| 16:28 | Create | Villager (Male) |
| 16:28 | Create | Villager (Male) |
| 16:50 | Build | Farm |
| 16:54 | Create | Villager (Male) |
| 17:08 | Create | Mangudai |
| 17:25 | Build | Monastery |
| 17:28 | Research | Wheelbarrow |
| 17:29 | Research | Wheelbarrow |
| 17:35 | Create | Mangudai |
| 17:44 | Create | Mangudai |
| 17:45 | Create | Mangudai |
| 17:49 | Create | Villager (Male) |
| 18:10 | Build | House |
| 18:10 | Build | House |
| 18:15 | Create | Villager (Male) |
| 18:26 | Build | Town Center |
| 18:28 | Create | Monk |
| 18:31 | Create | Villager (Male) |
| 18:31 | Create | Villager (Male) |
| 18:44 | Research | Bow Saw |
| 18:44 | Research | Bow Saw |
| 18:51 | Create | Mangudai |
| 18:52 | Create | Mangudai |
| 18:57 | Create | Villager (Male) |
| 19:16 | Create | Villager (Male) |
| 19:20 | Build | Farm |
| 19:25 | Build | House |
| 19:26 | Build | House |
| 19:38 | Create | Monk |
| 19:38 | Create | Monk |
| 19:40 | Create | Villager (Male) |
| 20:00 | Build | Farm |
| 20:01 | Create | Villager (Male) |
| 20:01 | Create | Villager (Male) |
| 20:01 | Create | Villager (Male) |
| 20:06 | Build | Farm |
| 20:13 | Create | Monk |
| 20:14 | Create | Monk |
| 20:19 | Create | Villager (Male) |
| 20:19 | Create | Villager (Male) |
| 20:49 | Build | House |
| 20:52 | Build | House |
| 20:52 | Create | Villager (Male) |
| 20:53 | Create | Villager (Male) |
| 21:01 | Create | Villager (Male) |
| 21:04 | Create | Mangudai |
| 21:09 | Build | Farm |
| 21:11 | Build | Town Center |
| 21:15 | Build | House |
| 21:33 | Create | Villager (Male) |
| 21:37 | Create | Villager (Male) |
| 21:37 | Create | Villager (Male) |
| 22:10 | Create | Villager (Male) |
| 22:13 | Build | Monastery |
| 22:20 | Create | Villager (Male) |
| 22:22 | Build | Farm |
| 22:31 | Build | Farm |
| 22:35 | Build | Farm |
| 22:54 | Create | Monk |
| 22:54 | Create | Monk |
| 22:54 | Create | Monk |
| 22:55 | Create | Monk |
| 22:56 | Create | Villager (Male) |
| 22:56 | Create | Villager (Male) ×2 |
| 23:00 | Build | Monastery |
| 23:05 | Create | Monk |
| 23:05 | Create | Monk |
| 23:24 | Create | Monk |
| 23:45 | Create | Villager (Male) |
| 23:45 | Create | Villager (Male) |
| 23:55 | Build | House |
| 24:05 | Create | Villager (Male) ×4 |
| 24:06 | Create | Monk |
| 24:23 | Build | Farm |
| 24:31 | Build | House |
| 24:32 | Build | House |
| 24:38 | Create | Monk |
| 24:56 | Create | Villager (Male) |
| 24:56 | Create | Villager (Male) |
Build order — dennis2_02
First 150 of 627 actions detected
| 0:02 | Create | Villager (Male) |
| 0:03 | Create | Villager (Male) |
| 0:03 | Create | Villager (Male) |
| 0:04 | Build | House |
| 0:06 | Build | House |
| 0:13 | Create | Villager (Male) |
| 0:14 | Create | Villager (Male) |
| 1:26 | Create | Villager (Male) |
| 1:26 | Create | Villager (Male) |
| 1:58 | Build | Lumber Camp |
| 2:00 | Create | Villager (Male) |
| 2:00 | Create | Villager (Male) |
| 2:16 | Create | Villager (Male) |
| 2:16 | Create | Villager (Male) |
| 2:47 | Create | Villager (Male) |
| 2:47 | Create | Villager (Male) |
| 2:51 | Build | House |
| 2:53 | Build | House |
| 3:04 | Create | Villager (Male) |
| 3:05 | Create | Villager (Male) |
| 3:41 | Create | Villager (Male) |
| 3:41 | Create | Villager (Male) |
| 4:00 | Create | Villager (Male) |
| 4:00 | Create | Villager (Male) |
| 4:13 | Build | Mill |
| 4:40 | Create | Villager (Male) |
| 4:40 | Create | Villager (Male) |
| 4:54 | Create | Villager (Male) |
| 4:54 | Create | Villager (Male) |
| 5:14 | Create | Villager (Male) |
| 5:15 | Create | Villager (Male) |
| 5:18 | Build | House |
| 5:29 | Build | House |
| 5:34 | Create | Villager (Male) |
| 5:34 | Create | Villager (Male) |
| 5:43 | Create | Villager (Male) |
| 5:44 | Create | Villager (Male) |
| 6:08 | Create | Villager (Male) |
| 6:09 | Create | Villager (Male) |
| 6:21 | Build | Mill |
| 6:56 | Research | Loom |
| 7:34 | Create | Villager (Male) |
| 7:56 | Research | Feudal Age |
| 7:56 | Research | Feudal Age |
| 8:13 | Build | House |
| 8:14 | Build | House |
| 8:37 | Build | House |
| 8:40 | Build | House |
| 9:50 | Create | Villager (Male) |
| 9:50 | Create | Villager (Male) |
| 10:10 | Age | Feudal Age |
| 10:11 | Build | Town Center |
| 10:18 | Research | Double-Bit Axe |
| 10:24 | Create | Villager (Male) |
| 10:36 | Build | House |
| 10:38 | Build | House |
| 11:02 | Research | Horse Collar |
| 11:03 | Research | Horse Collar |
| 11:07 | Create | Villager (Male) |
| 11:08 | Create | Villager (Male) |
| 11:29 | Build | Farm |
| 11:31 | Build | Farm |
| 11:32 | Build | Farm |
| 11:32 | Build | Farm |
| 11:33 | Build | Farm |
| 11:34 | Build | Farm |
| 11:35 | Build | Farm |
| 11:36 | Build | Farm |
| 11:45 | Create | Villager (Male) |
| 11:46 | Create | Villager (Male) |
| 11:57 | Build | Farm |
| 12:01 | Create | Villager (Male) |
| 12:02 | Create | Villager (Male) |
| 12:03 | Create | Villager (Male) |
| 12:15 | Build | Farm |
| 12:25 | Build | Farm |
| 12:40 | Build | Farm |
| 12:42 | Create | Villager (Male) |
| 12:48 | Build | Farm |
| 12:52 | Create | Villager (Male) |
| 12:54 | Create | Villager (Male) |
| 12:55 | Create | Villager (Male) |
| 13:04 | Build | Farm |
| 13:09 | Build | Farm |
| 13:14 | Build | Farm |
| 13:20 | Build | Farm |
| 13:25 | Create | Villager (Male) |
| 13:34 | Create | Villager (Male) |
| 13:40 | Create | Villager (Male) |
| 13:43 | Create | Villager (Male) |
| 13:51 | Build | Farm |
| 13:52 | Build | Farm |
| 14:04 | Build | Blacksmith |
| 14:09 | Create | Villager (Male) |
| 14:16 | Build | Farm |
| 14:24 | Create | Villager (Male) |
| 14:25 | Create | Villager (Male) |
| 14:48 | Build | Market |
| 14:50 | Create | Villager (Male) |
| 14:53 | Create | Villager (Male) |
| 14:55 | Build | Farm |
| 15:09 | Build | Farm |
| 15:12 | Create | Villager (Male) |
| 15:14 | Create | Villager (Male) |
| 15:34 | Create | Villager (Male) |
| 15:37 | Create | Villager (Male) |
| 15:42 | Build | House |
| 15:44 | Build | House |
| 15:46 | Create | Villager (Male) |
| 15:50 | Build | Farm |
| 15:52 | Build | Farm |
| 15:54 | Build | Farm |
| 16:05 | Build | Farm |
| 16:16 | Create | Villager (Male) |
| 16:19 | Build | Farm |
| 16:23 | Build | Farm |
| 16:28 | Build | House |
| 16:35 | Create | Villager (Male) |
| 16:40 | Build | Farm |
| 16:42 | Build | Farm |
| 16:51 | Build | Farm |
| 17:06 | Build | House |
| 17:23 | Research | Castle Age |
| 17:24 | Research | Castle Age |
| 17:36 | Create | Villager (Male) |
| 17:51 | Research | Wheelbarrow |
| 17:51 | Research | Wheelbarrow |
| 17:56 | Build | Farm |
| 17:58 | Build | Farm |
| 18:03 | Research | Scale Barding Armor |
| 18:04 | Research | Scale Barding Armor |
| 18:14 | Build | Mining Camp |
| 18:18 | Create | Villager (Male) |
| 18:18 | Create | Villager (Male) |
| 18:49 | Build | Barracks |
| 19:01 | Create | Villager (Male) |
| 19:05 | Research | Gold Mining |
| 19:45 | Build | Stable |
| 19:48 | Build | Stable |
| 19:52 | Create | Villager (Male) |
| 19:52 | Create | Villager (Male) |
| 19:52 | Create | Villager (Male) |
| 19:54 | Create | Villager (Male) |
| 19:55 | Create | Villager (Male) |
| 19:55 | Create | Villager (Male) |
| 19:57 | Build | Lumber Camp |
| 20:03 | Age | Castle Age |
| 20:15 | Build | Stable |
| 20:20 | Research | Bow Saw |
| 20:27 | Create | Steppe Lancer |
Build order — Dott_Berlu
First 150 of 403 actions detected
| 0:00 | Create | Villager (Male) |
| 0:01 | Create | Villager (Male) |
| 0:01 | Create | Villager (Male) |
| 0:01 | Create | Villager (Male) |
| 0:02 | Create | Villager (Male) |
| 0:03 | Build | House |
| 0:04 | Build | House |
| 0:24 | Build | House |
| 1:13 | Create | Villager (Male) |
| 1:13 | Create | Villager (Male) |
| 1:52 | Build | Settlement |
| 1:53 | Create | Villager (Male) |
| 2:16 | Build | Outpost |
| 2:19 | Create | Villager (Male) |
| 2:20 | Create | Villager (Male) |
| 2:34 | Create | Villager (Male) |
| 2:34 | Create | Villager (Male) |
| 3:03 | Create | Villager (Male) |
| 3:13 | Create | Villager (Male) |
| 3:56 | Create | Villager (Male) |
| 3:57 | Create | Villager (Male) |
| 3:57 | Create | Villager (Male) |
| 4:17 | Build | Outpost |
| 4:22 | Create | Villager (Male) |
| 4:22 | Create | Villager (Male) |
| 4:42 | Create | Villager (Male) |
| 5:19 | Create | Villager (Male) |
| 5:19 | Create | Villager (Male) |
| 5:20 | Create | Villager (Male) |
| 5:20 | Create | Villager (Male) |
| 5:30 | Build | Settlement |
| 5:52 | Create | Villager (Male) |
| 6:08 | Create | Villager (Male) |
| 6:24 | Build | Settlement |
| 6:54 | Create | Villager (Male) |
| 7:05 | Create | Villager (Male) |
| 7:16 | Build | Farm |
| 8:16 | Research | Feudal Age |
| 9:54 | Create | Villager (Male) |
| 10:08 | Build | Outpost |
| 10:31 | Age | Feudal Age |
| 10:34 | Build | Market |
| 10:38 | Build | Blacksmith |
| 10:54 | Create | Villager (Male) |
| 11:15 | Build | Outpost |
| 11:21 | Create | Villager (Male) |
| 12:04 | Research | Castle Age |
| 12:04 | Research | Castle Age |
| 12:40 | Build | Outpost |
| 12:43 | Research | Horse Collar |
| 12:47 | Build | Farm |
| 12:49 | Build | Farm |
| 12:51 | Build | Farm |
| 12:53 | Build | Farm |
| 12:56 | Build | Farm |
| 13:45 | Create | Villager (Male) |
| 13:54 | Research | Double-Bit Axe |
| 14:44 | Age | Castle Age |
| 14:57 | Build | Castle |
| 15:09 | Create | Villager (Male) |
| 15:19 | Research | Bow Saw |
| 15:23 | Research | Gold Mining |
| 15:25 | Create | Villager (Male) |
| 15:30 | Build | Farm |
| 15:33 | Build | Farm |
| 15:40 | Create | Villager (Male) |
| 16:14 | Research | Loom |
| 16:21 | Create | Unit 2579 |
| 16:21 | Create | Unit 2579 |
| 16:22 | Create | Unit 2579 |
| 16:32 | Research | Fletching |
| 16:35 | Create | Villager (Male) |
| 16:58 | Create | Unit 2579 |
| 16:58 | Create | Unit 2579 |
| 17:10 | Create | Villager (Male) |
| 17:10 | Create | Villager (Male) |
| 17:31 | Create | Unit 2579 |
| 17:32 | Create | Unit 2579 |
| 17:32 | Create | Villager (Male) |
| 17:38 | Create | Petard |
| 17:38 | Create | Petard |
| 17:54 | Build | Farm |
| 17:55 | Build | Farm |
| 17:55 | Build | Farm |
| 17:55 | Build | Farm |
| 18:03 | Create | Petard |
| 18:04 | Create | Petard |
| 18:32 | Create | Unit 2579 |
| 18:32 | Create | Unit 2579 |
| 18:47 | Create | Unit 2579 |
| 18:47 | Create | Unit 2579 |
| 18:49 | Create | Villager (Male) |
| 18:49 | Create | Villager (Male) |
| 18:49 | Create | Villager (Male) |
| 18:50 | Create | Villager (Male) |
| 18:59 | Create | Unit 2579 |
| 18:59 | Create | Villager (Male) |
| 19:06 | Build | Farm |
| 19:08 | Build | Farm |
| 19:13 | Create | Villager (Male) |
| 19:39 | Create | Villager (Male) |
| 19:40 | Research | Bodkin Arrow |
| 19:56 | Create | Unit 2579 |
| 19:56 | Create | Unit 2579 |
| 19:56 | Create | Unit 2579 |
| 19:57 | Create | Villager (Male) |
| 19:57 | Create | Villager (Male) |
| 19:57 | Create | Villager (Male) |
| 20:00 | Build | Farm |
| 20:12 | Create | Unit 2579 |
| 20:33 | Create | Villager (Male) |
| 20:34 | Create | Villager (Male) |
| 20:34 | Create | Villager (Male) |
| 21:03 | Create | Villager (Male) |
| 21:04 | Create | Villager (Male) |
| 21:21 | Create | Villager (Male) |
| 21:21 | Create | Villager (Male) |
| 21:21 | Create | Villager (Male) |
| 21:28 | Build | Town Center |
| 21:34 | Create | Unit 2579 ×4 |
| 21:44 | Create | Unit 2579 |
| 21:44 | Create | Unit 2579 |
| 21:45 | Create | Villager (Male) |
| 21:45 | Create | Villager (Male) |
| 21:45 | Create | Villager (Male) |
| 21:50 | Research | Padded Archer Armor |
| 21:52 | Create | Villager (Male) |
| 22:29 | Create | Villager (Male) |
| 22:37 | Build | Farm |
| 22:37 | Build | Farm |
| 22:53 | Create | Villager (Male) |
| 22:54 | Create | Villager (Male) |
| 23:10 | Create | Unit 2579 |
| 23:13 | Create | Villager (Male) |
| 23:16 | Build | House |
| 23:17 | Build | House |
| 23:18 | Build | House |
| 24:00 | Create | Villager (Male) |
| 24:06 | Create | Villager (Male) |
| 24:06 | Create | Villager (Male) |
| 24:06 | Create | Villager (Male) |
| 24:15 | Build | University |
| 24:16 | Build | House |
| 24:20 | Create | Unit 2579 |
| 24:20 | Create | Unit 2579 |
| 24:21 | Create | Villager (Male) |
| 24:21 | Create | Villager (Male) |
| 24:48 | Create | Unit 2579 |
| 24:48 | Create | Unit 2579 |
| 24:53 | Build | House |
Build order — alumin
First 150 of 698 actions detected
| 0:02 | Create | Villager (Male) |
| 0:02 | Create | Villager (Male) |
| 0:02 | Create | Villager (Male) |
| 0:03 | Build | House |
| 0:04 | Build | House |
| 0:20 | Create | Villager (Male) |
| 0:20 | Create | Villager (Male) |
| 1:35 | Create | Villager (Male) |
| 1:35 | Create | Villager (Male) |
| 1:53 | Create | Villager (Male) |
| 1:53 | Create | Villager (Male) |
| 2:25 | Create | Villager (Male) |
| 2:25 | Create | Villager (Male) |
| 2:48 | Create | Villager (Male) |
| 3:02 | Build | Lumber Camp |
| 3:23 | Create | Villager (Male) |
| 3:23 | Create | Villager (Male) |
| 3:42 | Create | Villager (Male) |
| 3:50 | Create | Villager (Male) |
| 3:50 | Create | Villager (Male) |
| 3:57 | Build | House |
| 4:08 | Create | Villager (Male) |
| 4:09 | Create | Villager (Male) |
| 4:38 | Create | Villager (Male) |
| 5:06 | Build | Mill |
| 5:27 | Create | Villager (Male) |
| 5:27 | Create | Villager (Male) |
| 5:47 | Build | House |
| 6:09 | Create | Villager (Male) |
| 6:24 | Build | Mill |
| 6:35 | Create | Villager (Male) |
| 6:51 | Create | Villager (Male) |
| 7:27 | Create | Villager (Male) |
| 7:30 | Build | Lumber Camp |
| 7:35 | Create | Villager (Male) |
| 7:43 | Create | Villager (Male) |
| 8:11 | Research | Feudal Age |
| 8:41 | Build | Mining Camp |
| 9:46 | Build | House |
| 10:04 | Create | Villager (Male) |
| 10:05 | Create | Villager (Male) |
| 10:58 | Age | Feudal Age |
| 11:03 | Build | Market |
| 11:07 | Build | Blacksmith |
| 11:21 | Build | House |
| 11:26 | Research | Double-Bit Axe |
| 11:48 | Create | Villager (Male) |
| 11:56 | Research | Castle Age |
| 11:57 | Research | Castle Age |
| 12:08 | Build | House |
| 12:31 | Build | Barracks |
| 12:38 | Research | Horse Collar |
| 13:24 | Create | Spearman |
| 13:37 | Create | Villager (Male) |
| 13:53 | Create | Spearman |
| 14:24 | Create | Spearman |
| 14:26 | Create | Villager (Male) |
| 14:36 | Age | Castle Age |
| 14:39 | Create | Villager (Male) |
| 14:45 | Build | Town Center |
| 14:51 | Build | Town Center |
| 15:08 | Research | Heavy Plow |
| 15:34 | Create | Villager (Male) |
| 15:37 | Build | Farm |
| 15:38 | Build | Farm |
| 15:39 | Build | Farm |
| 15:41 | Build | Farm |
| 15:43 | Build | Farm |
| 16:08 | Create | Villager (Male) |
| 16:28 | Create | Villager (Male) |
| 16:28 | Create | Villager (Male) |
| 16:31 | Create | Villager (Male) |
| 16:54 | Build | Mining Camp |
| 16:59 | Build | Stable |
| 17:01 | Build | Farm |
| 17:02 | Build | Farm |
| 17:03 | Create | Villager (Male) |
| 17:06 | Create | Villager (Male) |
| 17:09 | Create | Villager (Male) |
| 17:09 | Create | Villager (Male) |
| 17:13 | Build | Farm |
| 17:19 | Build | Farm |
| 17:38 | Build | House |
| 17:39 | Build | House |
| 17:41 | Build | House |
| 17:45 | Create | Villager (Male) |
| 17:46 | Create | Villager (Male) |
| 17:47 | Create | Villager (Male) |
| 18:00 | Create | Villager (Male) |
| 18:10 | Create | Villager (Male) |
| 18:18 | Create | Spearman |
| 18:20 | Build | House |
| 18:20 | Build | House |
| 18:22 | Create | Villager (Male) |
| 18:25 | Create | Villager (Male) |
| 18:31 | Build | Farm |
| 18:32 | Create | Villager (Male) |
| 18:36 | Create | Villager (Male) |
| 18:47 | Create | Villager (Male) |
| 18:51 | Create | Villager (Male) |
| 18:58 | Build | Archery Range |
| 19:07 | Create | Villager (Male) |
| 19:08 | Create | Villager (Male) |
| 19:11 | Build | Farm |
| 19:14 | Create | Villager (Male) |
| 19:16 | Build | Farm |
| 19:17 | Create | Villager (Male) |
| 19:22 | Build | Farm |
| 19:38 | Create | Cavalry Archer |
| 19:46 | Create | Cavalry Archer |
| 19:48 | Build | Farm |
| 19:49 | Create | Villager (Male) |
| 19:50 | Create | Villager (Male) |
| 19:56 | Build | Farm |
| 20:09 | Build | Archery Range |
| 20:12 | Create | Villager (Male) |
| 20:18 | Build | House |
| 20:19 | Build | House |
| 20:20 | Build | House |
| 20:24 | Create | Villager (Male) |
| 20:25 | Create | Villager (Male) |
| 20:25 | Create | Villager (Male) |
| 20:25 | Create | Villager (Male) |
| 20:27 | Create | Cavalry Archer |
| 20:34 | Create | Villager (Male) |
| 20:47 | Build | Archery Range |
| 20:49 | Create | Villager (Male) |
| 20:51 | Create | Cavalry Archer |
| 20:54 | Create | Villager (Male) |
| 21:03 | Create | Villager (Male) |
| 21:12 | Build | Farm |
| 21:12 | Build | Farm |
| 21:12 | Build | Farm |
| 21:13 | Build | Farm |
| 21:13 | Build | Farm |
| 21:19 | Create | Villager (Male) |
| 21:19 | Create | Villager (Male) |
| 21:20 | Create | Cavalry Archer |
| 21:22 | Create | Cavalry Archer |
| 21:22 | Create | Cavalry Archer |
| 21:31 | Create | Villager (Male) |
| 21:31 | Create | Villager (Male) |
| 21:32 | Create | Cavalry Archer |
| 21:33 | Create | Cavalry Archer |
| 21:34 | Create | Villager (Male) |
| 21:36 | Build | Farm |
| 21:39 | Build | Farm |
| 21:40 | Build | House |
| 21:41 | Build | House |
| 21:44 | Create | Villager (Male) |
Build order — OIDA | .#sILVER
First 150 of 796 actions detected
| 0:00 | Create | Villager (Male) |
| 0:01 | Create | Villager (Male) |
| 0:01 | Create | Villager (Male) |
| 0:02 | Build | House |
| 0:03 | Build | House |
| 0:29 | Create | Villager (Male) |
| 1:29 | Create | Villager (Male) |
| 1:29 | Create | Villager (Male) |
| 1:45 | Build | Lumber Camp |
| 1:48 | Build | Lumber Camp |
| 1:53 | Create | Villager (Male) |
| 2:09 | Create | Villager (Male) |
| 2:27 | Create | Villager (Male) |
| 3:11 | Create | Villager (Male) |
| 3:23 | Build | Palisade Wall |
| 3:24 | Build | Palisade Wall |
| 3:30 | Build | Palisade Wall |
| 3:32 | Build | Palisade Wall |
| 3:36 | Build | Palisade Wall |
| 3:39 | Build | Palisade Wall |
| 3:41 | Create | Villager (Male) |
| 3:44 | Build | Palisade Wall |
| 3:46 | Build | Palisade Gate |
| 3:49 | Build | Palisade Wall |
| 3:52 | Build | Palisade Gate |
| 3:55 | Build | Palisade Wall |
| 3:56 | Build | Palisade Wall |
| 3:58 | Build | House |
| 4:03 | Build | Palisade Gate |
| 4:10 | Create | Villager (Male) |
| 4:11 | Create | Villager (Male) |
| 4:15 | Build | House |
| 4:25 | Build | Palisade Wall |
| 4:31 | Build | House |
| 4:40 | Create | Villager (Male) |
| 5:14 | Create | Villager (Male) |
| 5:31 | Build | Mill |
| 5:41 | Create | Villager (Male) |
| 5:58 | Create | Villager (Male) |
| 6:08 | Create | Villager (Male) |
| 6:42 | Create | Villager (Male) |
| 7:27 | Create | Villager (Male) |
| 7:27 | Create | Villager (Male) |
| 8:04 | Build | Mining Camp |
| 8:09 | Research | Feudal Age |
| 8:50 | Build | Farm |
| 8:51 | Build | Farm |
| 8:53 | Build | Farm |
| 9:35 | Create | Villager (Male) |
| 9:35 | Create | Villager (Male) |
| 10:31 | Age | Feudal Age |
| 10:33 | Build | Market |
| 10:35 | Build | Blacksmith |
| 11:21 | Research | Castle Age |
| 11:21 | Research | Castle Age |
| 11:42 | Research | Double-Bit Axe |
| 11:58 | Research | Horse Collar |
| 12:42 | Create | Villager (Male) |
| 14:01 | Age | Castle Age |
| 14:03 | Build | Town Center |
| 14:04 | Build | Town Center |
| 14:10 | Research | Heavy Plow |
| 14:11 | Research | Bow Saw |
| 14:21 | Create | Villager (Male) |
| 14:36 | Create | Villager (Male) |
| 14:46 | Create | Villager (Male) |
| 14:52 | Create | Villager (Male) |
| 14:55 | Build | Farm |
| 14:57 | Build | House |
| 15:07 | Build | Farm |
| 15:15 | Build | House |
| 15:24 | Create | Villager (Male) |
| 15:26 | Build | Farm |
| 15:39 | Create | Villager (Male) |
| 15:44 | Create | Villager (Male) |
| 15:45 | Build | Farm |
| 15:50 | Build | Farm |
| 15:52 | Build | Farm |
| 16:01 | Build | Farm |
| 16:05 | Create | Villager (Male) |
| 16:09 | Create | Villager (Male) |
| 16:11 | Build | Farm |
| 16:27 | Build | Farm |
| 16:33 | Create | Villager (Male) |
| 16:35 | Build | Farm |
| 16:39 | Create | Villager (Male) |
| 16:39 | Create | Villager (Male) |
| 16:50 | Create | Villager (Male) |
| 16:53 | Build | Farm |
| 16:54 | Build | Farm |
| 16:55 | Create | Villager (Male) |
| 17:12 | Create | Villager (Male) |
| 17:12 | Create | Villager (Male) |
| 17:13 | Build | Farm |
| 17:17 | Build | Farm |
| 17:17 | Create | Villager (Male) |
| 17:18 | Create | Villager (Male) |
| 17:24 | Create | Villager (Male) |
| 17:29 | Build | Farm |
| 17:36 | Build | Farm |
| 17:38 | Create | Villager (Male) |
| 17:48 | Create | Villager (Male) |
| 17:48 | Create | Villager (Male) |
| 17:55 | Create | Villager (Male) |
| 17:55 | Create | Villager (Male) |
| 17:59 | Create | Villager (Male) |
| 18:08 | Create | Villager (Male) |
| 18:08 | Create | Villager (Male) |
| 18:17 | Create | Villager (Male) |
| 18:24 | Build | House |
| 18:28 | Create | Villager (Male) |
| 18:29 | Create | Villager (Male) |
| 18:43 | Create | Villager (Male) |
| 18:43 | Create | Villager (Male) |
| 18:46 | Build | Town Center |
| 18:52 | Create | Villager (Male) |
| 18:56 | Build | Barracks |
| 18:56 | Create | Villager (Male) |
| 18:57 | Create | Villager (Male) |
| 19:04 | Create | Villager (Male) |
| 19:04 | Create | Villager (Male) |
| 19:05 | Build | Farm |
| 19:07 | Create | Villager (Male) |
| 19:08 | Build | Farm |
| 19:09 | Build | Farm |
| 19:13 | Build | House |
| 19:25 | Create | Villager (Male) |
| 19:32 | Create | Villager (Male) |
| 19:37 | Create | Villager (Male) |
| 19:39 | Build | Farm |
| 19:41 | Build | Farm |
| 19:46 | Create | Villager (Male) |
| 19:49 | Build | Stable |
| 19:50 | Build | House |
| 19:55 | Create | Villager (Male) |
| 19:55 | Create | Villager (Male) |
| 20:02 | Research | Wheelbarrow |
| 20:05 | Create | Villager (Male) |
| 20:08 | Build | Farm |
| 20:14 | Create | Villager (Male) |
| 20:18 | Create | Villager (Male) |
| 20:18 | Create | Villager (Male) |
| 20:21 | Build | Farm |
| 20:21 | Build | Farm |
| 20:23 | Build | Farm |
| 20:25 | Create | Villager (Male) |
| 20:36 | Create | Villager (Male) |
| 20:36 | Create | Villager (Male) |
| 20:36 | Create | Villager (Male) |
| 20:38 | Build | Farm |
Build order — fgdfgdf
First 150 of 514 actions detected
| 0:01 | Create | Villager (Male) ×5 |
| 0:03 | Build | House |
| 0:04 | Build | House |
| 1:22 | Create | Villager (Male) |
| 1:23 | Create | Villager (Male) |
| 1:57 | Build | Lumber Camp |
| 2:04 | Create | Villager (Male) |
| 2:05 | Create | Villager (Male) |
| 2:28 | Create | Villager (Male) |
| 2:28 | Create | Villager (Male) |
| 2:45 | Create | Villager (Male) |
| 2:45 | Create | Villager (Male) |
| 3:10 | Create | Villager (Male) |
| 3:10 | Create | Villager (Male) |
| 3:32 | Create | Villager (Male) |
| 3:32 | Create | Villager (Male) |
| 3:40 | Build | House |
| 3:41 | Build | House |
| 3:44 | Create | Villager (Male) |
| 3:58 | Build | Palisade Wall |
| 4:02 | Build | Palisade Wall |
| 4:03 | Build | Palisade Wall |
| 4:06 | Build | Palisade Wall |
| 4:10 | Build | Palisade Wall |
| 4:13 | Build | Palisade Wall |
| 4:18 | Build | Palisade Wall |
| 4:20 | Build | Palisade Wall |
| 4:22 | Create | Villager (Male) |
| 4:23 | Create | Villager (Male) |
| 4:24 | Build | Palisade Wall |
| 4:28 | Build | Palisade Wall |
| 4:31 | Build | Palisade Wall |
| 4:34 | Build | Palisade Wall |
| 4:41 | Build | Palisade Wall |
| 4:44 | Build | Palisade Wall |
| 4:48 | Create | Villager (Male) |
| 4:48 | Create | Villager (Male) |
| 4:54 | Build | Palisade Wall |
| 5:02 | Build | Palisade Wall |
| 5:07 | Build | Palisade Wall |
| 5:16 | Build | Palisade Wall |
| 5:20 | Create | Villager (Male) |
| 5:46 | Create | Villager (Male) |
| 5:46 | Create | Villager (Male) |
| 5:51 | Build | Mill |
| 6:07 | Create | Villager (Male) |
| 6:07 | Create | Villager (Male) |
| 6:37 | Build | House |
| 6:40 | Create | Villager (Male) |
| 6:40 | Create | Villager (Male) |
| 7:19 | Build | House |
| 7:27 | Create | Villager (Male) |
| 7:53 | Build | House |
| 7:58 | Create | Villager (Male) |
| 7:58 | Create | Villager (Male) |
| 8:04 | Build | Mining Camp |
| 8:23 | Create | Villager (Male) |
| 8:37 | Build | Mining Camp |
| 8:38 | Research | Feudal Age |
| 8:38 | Research | Feudal Age |
| 8:52 | Build | Farm |
| 9:36 | Create | Villager (Male) |
| 9:36 | Create | Villager (Male) |
| 10:25 | Research | Loom |
| 10:41 | Build | Farm |
| 11:13 | Age | Feudal Age |
| 11:15 | Build | Market |
| 11:17 | Build | Blacksmith |
| 11:59 | Research | Castle Age |
| 12:00 | Research | Castle Age |
| 12:13 | Research | Double-Bit Axe |
| 12:33 | Research | Horse Collar |
| 12:33 | Research | Horse Collar |
| 13:10 | Build | Farm |
| 13:12 | Build | Farm |
| 13:19 | Build | Farm |
| 13:31 | Create | Villager (Male) |
| 13:31 | Create | Villager (Male) |
| 14:25 | Age | Castle Age |
| 14:42 | Build | Castle |
| 14:49 | Build | Farm |
| 14:51 | Build | Farm |
| 14:55 | Research | Bow Saw |
| 14:55 | Research | Bow Saw |
| 14:57 | Create | Villager (Male) |
| 15:00 | Build | Farm |
| 15:01 | Build | Farm |
| 15:18 | Create | Villager (Male) |
| 15:32 | Create | Villager (Male) |
| 15:39 | Build | Farm |
| 15:45 | Create | War Elephant |
| 15:58 | Create | Villager (Male) |
| 16:02 | Build | Farm |
| 16:28 | Create | Villager (Male) |
| 16:36 | Build | Farm |
| 16:39 | Create | Villager (Male) |
| 16:42 | Build | Farm |
| 17:01 | Create | War Elephant |
| 17:01 | Create | War Elephant |
| 17:04 | Build | Farm |
| 17:15 | Build | Farm |
| 17:19 | Create | Villager (Male) |
| 17:34 | Create | War Elephant |
| 17:35 | Create | War Elephant |
| 17:39 | Build | Farm |
| 17:42 | Build | Farm |
| 18:02 | Create | Villager (Male) |
| 18:20 | Create | Villager (Male) |
| 18:25 | Create | Villager (Male) |
| 18:25 | Create | Villager (Male) |
| 18:40 | Build | Farm |
| 18:42 | Build | Farm |
| 18:51 | Create | War Elephant |
| 18:51 | Create | War Elephant |
| 18:57 | Create | Petard |
| 18:57 | Create | Petard |
| 19:05 | Create | Petard |
| 19:18 | Build | Farm |
| 19:20 | Build | Farm |
| 19:23 | Create | Villager (Male) |
| 19:30 | Create | Petard |
| 19:30 | Create | Petard |
| 19:47 | Create | War Elephant |
| 19:48 | Create | War Elephant |
| 19:54 | Create | Villager (Male) |
| 19:59 | Build | Farm |
| 20:03 | Build | Farm |
| 20:05 | Build | Farm |
| 20:06 | Create | Villager (Male) |
| 20:31 | Create | War Elephant |
| 20:32 | Create | War Elephant |
| 20:41 | Create | Villager (Male) |
| 20:41 | Create | Villager (Male) |
| 20:46 | Research | Scale Barding Armor |
| 20:46 | Research | Scale Barding Armor |
| 21:05 | Create | Villager (Male) |
| 21:09 | Build | House |
| 21:09 | Build | House |
| 21:31 | Create | War Elephant |
| 21:32 | Create | Villager (Male) |
| 21:33 | Create | Villager (Male) |
| 21:35 | Build | House |
| 21:36 | Build | House |
| 22:05 | Create | Villager (Male) |
| 22:06 | Create | Villager (Male) |
| 22:13 | Create | War Elephant |
| 22:14 | Create | Villager (Male) |
| 22:22 | Build | Monastery |
| 22:23 | Create | Villager (Male) |
| 22:52 | Create | War Elephant |
Build order — NSK.Kalupso
First 150 of 582 actions detected
| 0:00 | Create | Villager (Male) |
| 0:01 | Create | Villager (Male) |
| 0:01 | Create | Villager (Male) |
| 0:02 | Build | House |
| 0:03 | Build | House |
| 0:05 | Create | Villager (Male) |
| 0:05 | Create | Villager (Male) |
| 0:33 | Build | House |
| 1:28 | Create | Villager (Male) |
| 1:28 | Create | Villager (Male) |
| 1:51 | Build | Lumber Camp |
| 2:05 | Create | Villager (Male) |
| 2:23 | Create | Villager (Male) |
| 2:47 | Create | Villager (Male) |
| 2:47 | Create | Villager (Male) |
| 3:17 | Create | Villager (Male) |
| 3:30 | Build | House |
| 3:42 | Create | Villager (Male) |
| 3:42 | Create | Villager (Male) |
| 3:58 | Build | Mill |
| 4:04 | Create | Villager (Male) |
| 4:04 | Create | Villager (Male) |
| 4:56 | Create | Villager (Male) |
| 5:12 | Create | Villager (Male) |
| 5:12 | Create | Villager (Male) |
| 5:16 | Build | House |
| 5:16 | Build | House |
| 5:49 | Create | Villager (Male) |
| 5:49 | Create | Villager (Male) |
| 5:49 | Create | Villager (Male) |
| 5:50 | Create | Villager (Male) |
| 6:12 | Build | Mill |
| 6:42 | Create | Villager (Male) |
| 6:43 | Create | Villager (Male) |
| 7:11 | Build | Mining Camp |
| 7:35 | Create | Villager (Male) |
| 7:35 | Create | Villager (Male) |
| 7:36 | Create | Villager (Male) |
| 8:03 | Build | Farm |
| 8:28 | Research | Feudal Age |
| 8:40 | Build | Farm |
| 8:54 | Create | Villager (Male) |
| 8:55 | Create | Villager (Male) |
| 11:00 | Age | Feudal Age |
| 11:01 | Build | Market |
| 11:03 | Build | Blacksmith |
| 11:31 | Research | Double-Bit Axe |
| 11:42 | Build | House |
| 11:52 | Research | Castle Age |
| 12:00 | Build | House |
| 12:00 | Build | House |
| 12:33 | Build | Farm |
| 12:35 | Build | Farm |
| 12:38 | Build | Farm |
| 12:41 | Build | Farm |
| 12:43 | Build | Farm |
| 12:52 | Research | Horse Collar |
| 13:15 | Build | House |
| 13:18 | Build | House |
| 13:52 | Build | House |
| 13:54 | Create | Villager (Male) |
| 14:32 | Age | Castle Age |
| 14:35 | Build | Town Center |
| 14:45 | Build | House |
| 14:51 | Build | Town Center |
| 14:59 | Create | Villager (Male) |
| 15:21 | Build | Monastery |
| 15:22 | Create | Villager (Male) |
| 15:27 | Build | House |
| 15:38 | Build | Farm |
| 15:40 | Create | Villager (Male) |
| 16:01 | Build | Farm |
| 16:04 | Create | Villager (Male) |
| 16:05 | Create | Villager (Male) |
| 16:23 | Create | Villager (Male) |
| 16:38 | Create | Villager (Male) |
| 16:38 | Create | Villager (Male) |
| 16:40 | Build | Farm |
| 16:43 | Build | House |
| 16:44 | Create | Monk |
| 16:48 | Create | Villager (Male) |
| 16:49 | Create | Villager (Male) |
| 16:54 | Build | Farm |
| 16:55 | Build | Farm |
| 16:58 | Build | Farm |
| 17:00 | Build | Farm |
| 17:02 | Build | Farm |
| 17:06 | Build | Farm |
| 17:08 | Create | Villager (Male) |
| 17:18 | Create | Villager (Male) |
| 17:18 | Create | Villager (Male) |
| 17:20 | Build | House |
| 17:21 | Build | House |
| 17:47 | Create | Villager (Male) |
| 17:47 | Create | Villager (Male) |
| 17:47 | Create | Villager (Male) |
| 17:47 | Create | Villager (Male) |
| 17:52 | Build | House |
| 17:52 | Build | House |
| 17:54 | Build | House |
| 17:55 | Build | House |
| 17:56 | Build | House |
| 17:57 | Build | House |
| 18:05 | Create | Monk |
| 18:14 | Research | Loom |
| 18:22 | Research | Wheelbarrow |
| 18:27 | Build | Farm |
| 18:29 | Build | Farm |
| 18:35 | Build | Farm |
| 18:36 | Build | Farm |
| 18:37 | Create | Villager (Male) |
| 18:37 | Create | Villager (Male) |
| 18:43 | Create | Villager (Male) |
| 18:52 | Create | Villager (Male) |
| 18:52 | Create | Villager (Male) |
| 18:58 | Build | Lumber Camp |
| 19:04 | Create | Villager (Male) |
| 19:04 | Create | Villager (Male) |
| 19:10 | Create | Monk |
| 19:23 | Create | Villager (Male) |
| 19:23 | Create | Villager (Male) |
| 19:30 | Build | Town Center |
| 19:51 | Create | Villager (Male) |
| 19:51 | Create | Villager (Male) |
| 19:52 | Create | Villager (Male) |
| 20:11 | Build | Barracks |
| 20:14 | Create | Villager (Male) |
| 20:15 | Build | Farm |
| 20:16 | Build | Farm |
| 20:16 | Build | Farm |
| 20:16 | Build | Farm |
| 20:17 | Build | Farm |
| 20:17 | Build | Farm |
| 20:21 | Create | Villager (Male) |
| 20:23 | Build | Farm |
| 20:23 | Build | Farm |
| 20:25 | Create | Villager (Male) |
| 20:25 | Create | Villager (Male) |
| 20:26 | Create | Villager (Male) |
| 20:55 | Build | Farm |
| 20:56 | Create | Villager (Male) |
| 20:56 | Create | Villager (Male) |
| 20:56 | Create | Villager (Male) |
| 21:09 | Create | Monk |
| 21:09 | Create | Monk |
| 21:16 | Build | Monastery |
| 21:19 | Build | Monastery |
| 21:22 | Research | Gold Mining |
| 21:38 | Build | Mining Camp |
| 21:39 | Create | Villager (Male) |
Match timeline
| 3:23 | OIDA | .#sILVER · wall_segment Palisade Wall x1 |
| 3:24 | OIDA | .#sILVER · wall_segment Palisade Wall x1 |
| 3:30 | OIDA | .#sILVER · wall_segment Palisade Wall x1 |
| 3:32 | OIDA | .#sILVER · wall_segment Palisade Wall x1 |
| 3:36 | OIDA | .#sILVER · wall_segment Palisade Wall x1 |
| 3:39 | OIDA | .#sILVER · wall_segment Palisade Wall x1 |
| 3:44 | OIDA | .#sILVER · wall_segment Palisade Wall x1 |
| 3:49 | OIDA | .#sILVER · wall_segment Palisade Wall x1 |
| 3:55 | OIDA | .#sILVER · wall_segment Palisade Wall x1 |
| 3:56 | OIDA | .#sILVER · wall_segment Palisade Wall x1 |
| 3:58 | fgdfgdf · wall_segment Palisade Wall x1 |
| 4:02 | fgdfgdf · wall_segment Palisade Wall x1 |
| 4:03 | fgdfgdf · wall_segment Palisade Wall x1 |
| 4:06 | fgdfgdf · wall_segment Palisade Wall x1 |
| 4:10 | fgdfgdf · wall_segment Palisade Wall x1 |
| 4:13 | fgdfgdf · wall_segment Palisade Wall x1 |
| 4:18 | fgdfgdf · wall_segment Palisade Wall x1 |
| 4:20 | fgdfgdf · wall_segment Palisade Wall x1 |
| 4:24 | fgdfgdf · wall_segment Palisade Wall x1 |
| 4:25 | OIDA | .#sILVER · wall_segment Palisade Wall x1 |
| 4:28 | fgdfgdf · wall_segment Palisade Wall x1 |
| 4:31 | fgdfgdf · wall_segment Palisade Wall x1 |
| 4:34 | fgdfgdf · wall_segment Palisade Wall x1 |
| 4:41 | fgdfgdf · wall_segment Palisade Wall x1 |
| 4:44 | fgdfgdf · wall_segment Palisade Wall x1 |
| 4:54 | fgdfgdf · wall_segment Palisade Wall x1 |
| 5:02 | fgdfgdf · wall_segment Palisade Wall x1 |
| 5:07 | fgdfgdf · wall_segment Palisade Wall x1 |
| 5:16 | fgdfgdf · wall_segment Palisade Wall x1 |
| 7:13 | Kyandie · wall_segment Palisade Wall x6 |
| 7:31 | Kyandie · wall_segment Palisade Wall x2 |
| 7:31 | Kyandie · wall_segment Palisade Wall x1 |
| 7:32 | Kyandie · wall_segment Palisade Wall x1 |
| 7:34 | Kyandie · wall_segment Palisade Wall x9 |
| 8:59 | Kyandie · wall_segment Palisade Wall x1 |
| 9:02 | Kyandie · wall_segment Palisade Wall x1 |
| 10:06 | m1gzu · age_up feudal |
| 10:10 | dennis2_02 · age_up feudal |
| 10:31 | Dott_Berlu · age_up feudal |
| 10:31 | OIDA | .#sILVER · age_up feudal |
| 10:58 | alumin · age_up feudal |
| 11:00 | NSK.Kalupso · age_up feudal |
| 11:13 | fgdfgdf · age_up feudal |
| 11:49 | Kyandie · age_up feudal |
| 12:31 | alumin · first_building Barracks |
| 13:43 | m1gzu · age_up castle |
| 13:58 | m1gzu · first_building Castle |
| 14:01 | OIDA | .#sILVER · age_up castle |
| 14:09 | OIDA | .#sILVER · first_market_buy 100 wood |
| 14:25 | fgdfgdf · age_up castle |
| 14:32 | NSK.Kalupso · age_up castle |
| 14:36 | alumin · age_up castle |
| 14:42 | fgdfgdf · first_building Castle |
| 14:44 | Dott_Berlu · age_up castle |
| 14:57 | Dott_Berlu · first_building Castle |
| 15:20 | Kyandie · age_up castle |
| 15:21 | NSK.Kalupso · first_building Monastery |
| 15:35 | NSK.Kalupso · first_market_buy 100 stone |
| 15:40 | Kyandie · first_building Castle |
| 16:27 | alumin · first_market_buy 100 food |
| 16:59 | alumin · first_building Stable |
| 17:00 | fgdfgdf · first_market_buy 100 food |
| 17:25 | m1gzu · first_building Monastery |
| 18:24 | m1gzu · first_market_buy 100 wood |
| 18:49 | dennis2_02 · first_building Barracks |
| 18:56 | OIDA | .#sILVER · first_building Barracks |
| 18:58 | alumin · first_building Archery Range |
| 19:45 | dennis2_02 · first_building Stable |
| 19:49 | OIDA | .#sILVER · first_building Stable |
| 19:55 | Dott_Berlu · first_market_sell 100 wood |
| 20:03 | dennis2_02 · age_up castle |
| 20:11 | NSK.Kalupso · first_building Barracks |
| 21:35 | dennis2_02 · first_building Siege Workshop |
| 22:22 | fgdfgdf · first_building Monastery |
| 23:13 | fgdfgdf · first_market_sell 100 wood |
| 24:00 | OIDA | .#sILVER · first_building Monastery |
| 24:11 | Dott_Berlu · first_market_buy 100 wood |
| 24:53 | OIDA | .#sILVER · first_building Castle |
| 28:08 | m1gzu · first_building Barracks |
| 28:14 | NSK.Kalupso · first_market_sell 100 wood |
| 28:18 | Kyandie · first_building Barracks |
| 28:36 | alumin · first_market_sell 100 wood |
| 29:05 | alumin · first_building Castle |
| 29:07 | m1gzu · first_market_sell 100 wood |
| 29:11 | m1gzu · first_building Stable |
| 30:00 | Kyandie · first_building Stable |
| 30:27 | OIDA | .#sILVER · first_market_sell 500 food |
| 31:31 | dennis2_02 · first_building Castle |
| 32:21 | m1gzu · first_building Archery Range |
| 32:31 | NSK.Kalupso · first_building Stable |
| 32:44 | dennis2_02 · age_up imperial |
| 33:14 | Dott_Berlu · age_up imperial |
| 33:58 | OIDA | .#sILVER · age_up imperial |
| 33:59 | NSK.Kalupso · first_building Castle |
| 34:01 | alumin · age_up imperial |
| 34:13 | dennis2_02 · first_market_sell 500 wood |
| 34:26 | m1gzu · age_up imperial |
| 35:37 | fgdfgdf · first_building Barracks |
| 36:16 | OIDA | .#sILVER · tribute_sent a jugador 1 |
| 36:16 | OIDA | .#sILVER · tribute_sent a jugador 2 |
| 36:16 | OIDA | .#sILVER · tribute_sent a jugador 3 |
| 36:16 | OIDA | .#sILVER · tribute_sent a jugador 4 |
| 36:16 | OIDA | .#sILVER · tribute_sent a jugador 6 |
| 36:16 | OIDA | .#sILVER · tribute_sent a jugador 7 |
| 36:16 | OIDA | .#sILVER · tribute_sent a jugador 8 |
| 36:42 | Kyandie · age_up imperial |
| 36:57 | fgdfgdf · first_building Stable |
| 37:11 | fgdfgdf · age_up imperial |
| 37:15 | Kyandie · first_building Archery Range |
| 37:36 | OIDA | .#sILVER · tribute_sent a jugador 1 |
| 37:36 | OIDA | .#sILVER · tribute_sent a jugador 2 |
| 37:36 | OIDA | .#sILVER · tribute_sent a jugador 3 |
| 37:36 | OIDA | .#sILVER · tribute_sent a jugador 4 |
| 37:36 | OIDA | .#sILVER · tribute_sent a jugador 6 |
| 37:36 | OIDA | .#sILVER · tribute_sent a jugador 7 |
| 37:36 | OIDA | .#sILVER · tribute_sent a jugador 8 |
| 38:16 | Kyandie · first_market_sell 100 food |
| 38:32 | m1gzu · wall_segment Stone Wall x10 |
| 38:52 | OIDA | .#sILVER · tribute_sent a jugador 1 |
| 38:52 | OIDA | .#sILVER · tribute_sent a jugador 2 |
| 38:52 | OIDA | .#sILVER · tribute_sent a jugador 3 |
| 38:52 | OIDA | .#sILVER · tribute_sent a jugador 4 |
| 38:52 | OIDA | .#sILVER · tribute_sent a jugador 6 |
| 38:52 | OIDA | .#sILVER · tribute_sent a jugador 7 |
| 38:52 | OIDA | .#sILVER · tribute_sent a jugador 8 |
| 38:59 | OIDA | .#sILVER · tribute_sent a jugador 1 |
| 38:59 | OIDA | .#sILVER · tribute_sent a jugador 2 |
| 38:59 | OIDA | .#sILVER · tribute_sent a jugador 3 |
| 38:59 | OIDA | .#sILVER · tribute_sent a jugador 4 |
| 38:59 | OIDA | .#sILVER · tribute_sent a jugador 6 |
| 38:59 | OIDA | .#sILVER · tribute_sent a jugador 7 |
| 38:59 | OIDA | .#sILVER · tribute_sent a jugador 8 |
| 39:48 | NSK.Kalupso · age_up imperial |
| 40:24 | Kyandie · first_building Siege Workshop |
| 40:55 | fgdfgdf · wall_segment Stone Wall x1 |
| 41:23 | Dott_Berlu · first_building Siege Workshop |
| 41:40 | OIDA | .#sILVER · wall_segment Stone Wall x12 |
| 41:43 | OIDA | .#sILVER · wall_segment Stone Wall x11 |
| 43:04 | OIDA | .#sILVER · wall_segment Stone Wall x1 |
| 43:40 | NSK.Kalupso · first_building Archery Range |
| 44:36 | dennis2_02 · first_market_buy 100 food |
| 44:39 | fgdfgdf · wall_segment Stone Wall x1 |
| 44:44 | fgdfgdf · wall_segment Stone Wall x1 |
| 45:48 | OIDA | .#sILVER · wall_segment Stone Wall x15 |
| 45:51 | OIDA | .#sILVER · wall_segment Stone Wall x11 |
| 45:52 | OIDA | .#sILVER · wall_segment Stone Wall x5 |
| 46:15 | alumin · wall_segment Palisade Wall x1 |
| 50:22 | Kyandie · tribute_sent a jugador 1 |
| 50:22 | Kyandie · tribute_sent a jugador 2 |
| 50:22 | Kyandie · tribute_sent a jugador 3 |
| 50:22 | Kyandie · tribute_sent a jugador 4 |
| 50:22 | Kyandie · tribute_sent a jugador 5 |
| 50:22 | Kyandie · tribute_sent a jugador 6 |
| 50:22 | Kyandie · tribute_sent a jugador 7 |
| 50:29 | fgdfgdf · tribute_sent a jugador 1 |
| 50:29 | fgdfgdf · tribute_sent a jugador 2 |
| 50:29 | fgdfgdf · tribute_sent a jugador 3 |
| 50:29 | fgdfgdf · tribute_sent a jugador 4 |
| 50:29 | fgdfgdf · tribute_sent a jugador 5 |
| 50:29 | fgdfgdf · tribute_sent a jugador 7 |
| 50:29 | fgdfgdf · tribute_sent a jugador 8 |
| 50:36 | m1gzu · resign |
[ AI ANALYSIS · 1 CREDIT ]
What really happened in this match?
Wolo.gg analyzes every decision: build order, eco, micro, common mistakes by bracket. Personalized analysis on WhatsApp or Discord in 30 seconds.
Civ guide
Koreans
Perfil
Jugador #16878098